 Dungeon Crawl Stone Soup version 0.28-a0-861-ge64d6db94f (webtiles) character file.

Game seed: 5528391063095231841

177 Anon1729 the Magician (level 5, -3/35 HPs)
             Began as a Djinni Conjurer on Nov 16, 2021.
             Slain by an ogre (24 damage)
             ... on level 4 of the Dungeon.
             The game lasted 00:04:10 (3818 turns).

Anon1729 the Magician (Djinni Conjurer)             Turns: 3818, Time: 00:04:10

Health: -3/35      AC:  2    Str:  6    XL:     5   Next: 88%
Gold:   138        EV: 13    Int: 21    God:
                   SH:  0    Dex: 11

rFire   + + .      SeeInvis .   p - +4 short sword
rCold   x . .      Faith    .   (no shield)
rNeg    . . .      Spirit   .   a - +0 robe
rPois   ∞          Reflect  .   (no helmet)
rElec   .          Harm     .   o - scarf {shadows}
rCorr   .          Rampage  .   (no gloves)
Will    .....                   (boots unavailable)
Stlth   ++........              (no amulet)
HPRegen 0.11/turn               (no ring)
MPRegen 0.00/turn               (no ring)

@: flying
A: sickness immunity, fire resistance 2, cold vulnerability 1, float, innate
caster, hp casting, extra vitality 1
a: no special abilities


You were on level 4 of the Dungeon.
You visited 1 branch of the dungeon, and saw 4 of its levels.

You collected 138 gold pieces.

Inventory:

Hand Weapons
 p - a +4 short sword (weapon)
Armour
 a - a +0 robe (worn)
 o - a scarf of shadows (worn)
Magical Staves
 k - a staff of death
Jewellery
 h - a ring of fire
Wands
 i - a wand of flame (22)
Scrolls
 d - a scroll of fog {unknown}
 j - 3 scrolls of identify {unknown}
 l - a scroll of noise {unknown}
 m - a scroll of teleportation {unknown}
Potions
 b - 2 potions of curing {unknown}
 c - a potion of ambrosia {unknown}
 e - 2 potions of heal wounds {unknown}
 f - a potion of degeneration {unknown}
 g - a potion of attraction {unknown}
 n - a potion of lignification {unknown}
 q - a potion of might {unknown}


   Skills:
 + Level 3.9 Dodging
 + Level 3.1 Stealth
 + Level 4.0 Spellcasting


You couldn't memorise any spells.
You knew the following spells:

 Your Spells              Type           Power      Damage    Failure   Level
a - Magic Dart            Conj           84%        1d7       2%          1
b - Searing Ray           Conj           42%        2d6       3%          2
c - Dazzling Flash        Conj/Hex       42%        N/A       7%          3
d - Fulminant Prism       Conj/Hex       10%        3d9       22%         4
e - Iskenderun's Mystic   Conj/Tloc      21%        2d6       22%         4
f - Freeze                Ice            84%        1d10      2%          1
g - Blink                 Tloc           42%        N/A       3%          2
Your spell library was empty.

Dungeon Overview and Level Annotations

Branches:
Dungeon (4/15)
 Temple: D:4-7

Altars:
Sif Muna

Annotations:
D:3 Pargi


Innate Abilities, Weirdness & Mutations

You are immune to sickness and miasma.
You are immune to poison.
Your flesh is very heat resistant. (rF++)
You are vulnerable to cold. (rC-)
You float through the air rather than walking.
You learn spells naturally, not from books.
Your magical power is your life essence.
You have superior vitality. (+4 HP)


Message History

The hobgoblin hits you. The hobgoblin closely misses you.
The hobgoblin hits you.
A quokka comes into view.
Found 12 gold pieces.
Found a scroll labelled HITOYP YSOB.
The quokka barely misses you.
You hear the slow hiss of a distant avalanche of sand.
You hear the slow rusting of a distant drain.
The goblin shouts!
Casting: Magic Dart (safe; 2% risk of failure)
Confirm with . or Enter, or press ? or * to list all spells.
Aiming: Searing Ray (safe; 3% risk of failure)
Press: ? - help, Shift-Dir - straight line, f - hobgoblin
Aim: a hobgoblin (78% to hit)
The searing ray hits the hobgoblin!
You kill the hobgoblin! (Press . to maintain the ray.)
The kobold shouts!
The searing ray hits the ogre!
The ogre is moderately wounded.
The searing ray hits the orc.
The orc is heavily wounded.
The searing ray hits the orc!
The orc is almost dead.
The searing ray hits the ogre.
The ogre is moderately wounded.
The searing ray hits the orc.
You kill the orc!
The searing ray misses the orc.
The ogre barely misses you.
The searing ray hits the ogre.
The ogre is heavily wounded.
The searing ray hits the orc!
You kill the orc!
The searing ray hits the quokka!
You kill the quokka!
You finish channelling your searing ray.
The ogre hits you with a +0 giant club!!
Ouch! That really hurt!
You die...

.......Z#......
#............##
#..#....#......
.........#####
.......o....##+##
...........##..#
........#####gK# ##.#
........#########.....
#............)O@..#
.......#..########
.#.$#....## #..#?.#..#
..#..#...# .#..#....#
..#..#.##


You could see an ogre, a goblin and a kobold.

Vanquished Creatures
  Natasha (thrice) (D:2)
  Robin (D:2)
  2 adders
  A dart slug (D:2)
  7 orcs
  5 ball pythons
  7 bats
  7 endoplasms
  8 goblins
  10 hobgoblins
  2 quokkas
  4 frilled lizards
  5 kobolds
  2 rats
64 creatures vanquished.

Notes
Turn   | Place    | Note
-------+----------+-------------------------------------------
     0 | D:1      | Anon1729 the Djinni Conjurer began the quest for the Orb.
     0 | D:1      | Reached XP level 1. HP: 15/15 MP: 0/0
    83 | D:1      | Reached XP level 2. HP: 7/21 MP: 0/0
  1162 | D:1      | Reached XP level 3. HP: 19/25 MP: 0/0
  1162 | D:1      | Learned a level 1 spell: Freeze
  1878 | D:2      | Noticed Natasha
  1882 | D:2      | Killed Natasha
  1883 | D:2      | Reached XP level 4. HP: 25/31 MP: 0/0
  2048 | D:2      | Noticed Robin
  2064 | D:2      | Killed Robin
  2293 | D:2      | Noticed Natasha
  2300 | D:2      | Killed Natasha
  2301 | D:2      | Reached XP level 5. HP: 13/35 MP: 0/0
  2301 | D:2      | Learned a level 2 spell: Blink
  2307 | D:2      | Noticed Natasha
  2311 | D:2      | Killed Natasha
  2811 | D:2      | Found a faded altar of an unknown god.
  3034 | D:3      | Noticed Pargi
  3450 | D:3      | Reached skill level 4 in Spellcasting
  3794 | D:4      | Noticed an ogre
  3818 | D:4      | Slain by an ogre

Illustrated notes

Levels and vault maps discovered:
D:1:      minmay_arrival_five_plusses, layout_basic, minmay_crystal_water,
          minmay_misc_feat_iff, minmay_pentomino_s4
D:2:      layout_loops_ring, shapermc_ecumenical_altar_mp_highgroup,
          kennysheep_generic_room_14, uniq_natasha, uniq_robin
D:3:      layout_rooms, nicolae_sif_muna_little_library, uniq_pargi
D:4:      layout_rooms, nicolae_ossuary_entry_giza, portal_sewer_entry_c,
          minmay_misc_feat_diagonals, eino_small_chamber_without_monster,
          serial_park_tiny_2, minmay_shop_mayhem, corexii_checkpoint_a,
          uniq_eustachio

Skill      XL: |  1  2  3  4  5 |
---------------+----------------+-----
Stealth        | 2 3 |  3.1
Dodging        | 3 |  3.9
Spellcasting   | 4 |  4.0

Action                   |  1- 3 |  4- 6 || total
-------------------------+-------+-------++-------
Melee: Short sword       |       |    12 ||    12
 Cast: Magic Dart        |    56 |    50 ||   106
       Searing Ray       |     1 |     6 ||     7
 Stab: Sleeping          |       |     1 ||     1
Armor: Robe              |     4 |     4 ||     8
Dodge: Dodged            |    13 |    12 ||    25

Table legend: (Time is in decaauts)
 A = Elapsed time spent in this place.
 B = Non-inter-level travel time spent in this place.
 C = Inter-level travel time spent in this place.
 D = Time resting spent in this place.
 E = Time spent auto-exploring this place.
 F = Levels seen in this place.
 G = Mean time per level.
                   A        B        C        D        E       F      G
               +--------+--------+--------+--------+--------+-----+--------+
         Total |   3817 |   3728 |     89 |    573 |   2816 |   4 |  954.2 |
       Dungeon |   3817 |   3728 |     89 |    573 |   2816 |   4 |  954.2 |
               +--------+--------+--------+--------+--------+-----+--------+

Top non-repeatable levels by time:
     D:1: 1661 daAuts
     D:2: 1295 daAuts
     D:3: 800 daAuts
     D:4: 60 daAuts
